 Dungeon Crawl Stone Soup version 0.29.1-12-g30fa7ad0bf (webtiles) character file.

Game seed: 12936618569973465987

58 CaptainMV the Chopper (level 3, -4/27 HPs)
             Began as a Demonspawn Gladiator on Dec 21, 2022.
             Slain by a worm (7 damage)
             ... on level 2 of the Dungeon.
             The game lasted 00:07:05 (878 turns).

CaptainMV the Chopper (Demonspawn Gladiator)         Turns: 878, Time: 00:07:06

Health: -4/27      AC:  4    Str: 16    XL:     3   Next: 75%
Magic:  3/3        EV: 12    Int:  9    God:
Gold:   80         SH:  6    Dex: 14    Spells: 2/2 levels left

rFire   . . .      SeeInvis .   a - +0 war axe
rCold   . . .      Faith    .   (no shield)
rNeg    . . .      Spirit   .   k - +0 leather armour
rPois   .          Reflect  .   c - +0 helmet
rElec   .          Harm     .   (no cloak)
rCorr   .          Rampage  .   (no gloves)
Will    .....                   (no boots)
Stlth   +.........              (no amulet)
HPRegen 0.09/turn               (no ring)
MPRegen 0.08/turn               (no ring)

@: lethally poisoned (-4 -> -5)
A: large bone plates 2
a: no special abilities


You were on level 2 of the Dungeon.
You visited 1 branch of the dungeon, and saw 2 of its levels.

You collected 80 gold pieces.

Inventory:

Hand Weapons
 a - a +0 war axe (weapon)
 b - a +1 dagger of venom
Missiles
 d - 3 throwing nets (quivered)
 e - a javelin
Armour
 c - a +0 helmet (worn)
 k - a +0 leather armour (worn)
Scrolls
 f - a scroll of teleportation {unknown}
 g - a scroll of magic mapping
 j - a scroll of amnesia {unknown}
 m - a scroll of vulnerability {unknown}
 n - a scroll of enchant weapon {unknown}
Potions
 h - 3 potions of berserk rage {unknown}
 i - a potion of haste {unknown}
 l - a potion of brilliance {unknown}


   Skills:
 + Level 2.2 Fighting
 + Level 3.7 Axes
 + Level 1.8 Throwing
 + Level 0.2 Armour
 + Level 3.1 Dodging
 + Level 0.1 Stealth
 + Level 0.1 Shields


You had 2 spell levels left.
You didn't know any spells.
Your spell library was empty.

Dungeon Overview and Level Annotations

Branches:
Dungeon (2/15)

Altars:


Innate Abilities, Weirdness & Mutations

You are mostly covered in large bone plates. (SH +6)


Message History

The adder closely misses you.
The ball python bites you but does no damage.
The ball python grabs you. The ball python constricts you.
The adder barely misses you.
A quokka comes into view.
You barely miss the adder.
The adder is severely wounded.
You slash the ball python!
You kill the ball python!
The adder misses you. The adder bites you.
You are poisoned.
The adder poisons you!
You barely miss the adder.
The adder is severely wounded.
You feel sick. The adder barely misses you. You block the rat's attack.
You barely miss the adder.
The adder is severely wounded.
You hit the rat.
You feel sick. You block the adder's attack. The adder bites you.
You are more poisoned.
The adder poisons you! The rat bites you but does no damage.
You hit the adder.
You kill the adder!
You closely miss the rat.
You feel very sick. The rat bites you.
You hit the quokka.
You kill the quokka!
You slash the rat!
You kill the rat!
You feel sick.
You feel sick.
You see here a quokka corpse.
Found a smoky amethyst potion.
You feel sick. The worm bites you.
* * * LOW HITPOINT WARNING * * *
You barely miss the worm.
You feel sick.
You hit the worm.
The worm is lightly wounded.
You feel sick. The worm bites you!
You die...

.. ....!.. ...
#........
...#####........
..................
...............♣.♣
......................
.........#.........♣.♣
......b.....w@........
..........♣.♣)†....♣.
#...........))).......
#......♣#♣.♣.........
#.#........##........
#.....<♣.♣#♣#........
###.......# ##.......
#.......# #......
#.......# ####..


You could see a worm and a bat.

Vanquished Creatures
  A gnoll (D:1)
  An adder (D:2)
  An endoplasm (D:1)
  A giant cockroach (D:1)
  6 goblins
  3 hobgoblins (D:1)
  5 jackals (D:1)
  4 kobolds
  A quokka (D:2)
  5 ball pythons
  A bat (D:1)
  2 frilled lizards (D:1)
  5 rats
36 creatures vanquished.

Notes
Turn   | Place    | Note
-------+----------+-------------------------------------------
     0 | D:1      | CaptainMV the Demonspawn Gladiator began the quest for the
                  | Orb.
     0 | D:1      | Reached XP level 1. HP: 16/16 MP: 1/1
     6 | D:1      | Noticed an electric eel
   111 | D:1      | Gained mutation: You are partially covered in large bone
                  | plates. (SH +4) [demonic ancestry]
   111 | D:1      | Reached XP level 2. HP: 9/22 MP: 2/2
   487 | D:1      | Gained mutation: You are mostly covered in large bone
                  | plates. (SH +6) [demonic ancestry]
   487 | D:1      | Reached XP level 3. HP: 21/27 MP: 3/3
   878 | D:2      | Slain by a worm

Illustrated notes

Levels and vault maps discovered:
D:1:      arrival_aquarium_a, layout_loops_ring
D:2:      layout_rooms, shapermc_ecumenical_altar_pompeii, serial_forest,
          infiniplex_forest_lined_1, infiniplex_forest_zigzag_1,
          infiniplex_forest_lined_corner, infiniplex_forest_clump_long,
          infiniplex_forest_end_double, infiniplex_forest_lined_room_3,
          infiniplex_forest_clump_diagonal, infiniplex_forest_lined_ring,
          infiniplex_forest_end_3, st_stairs_6, kennysheep_generic_room_2,
          uniq_jessica

Skill      XL: |  1  2 |
---------------+-------+-----
Dodging        | 3 |  3.1
Axes           | 3 |  3.7
Fighting       | |  2.2
Throwing       | |  1.8
Armour         | |  0.2
Stealth        | |  0.1
Shields        | |  0.1

Action                   || total
-------------------------++-------
Melee: War axe           ||    86
  Use: Scroll            ||     1
Armor: Leather armour    ||    23
Dodge: Dodged            ||    63
Block: Other             ||    21
